 Dungeon Crawl Stone Soup version 0.19-a0-26-gae82a2b (webtiles) character file.

439905 Kenran the Sensei (level 22, -8/229 HPs)
             Began as a Minotaur Monk on Apr 30, 2016.
             Was the Champion of Makhleb.
             Mangled by a vampire knight
             ... wielding a +0 great sword
              (15 damage)
             ... while paralysed by something
             ... on level 3 of the Depths on May 1, 2016.
             The game lasted 03:42:07 (58640 turns).

Kenran the Sensei (Minotaur Monk)                  Turns: 58640, Time: 03:42:07

Health: -8/229     AC: -1    Str: 16    XL:     22   Next: 68%
Magic:  0/38       EV:  2    Int:  7    God:    Makhleb [******]
Gold:   1762       SH:  0    Dex: 31    Spells: 0 memorised, 21 levels left

rFire  . . .     SeeInvis .       - Unarmed
rCold  + + .     Gourm    .     O - +2 crystal plate armour
rNeg   + + .     Faith    .     (no shield)
rPois  +         Spirit   +     (helmet unavailable)
rElec  +         Dismiss  .     E - +0 cloak of Fun {+Fly rPois rC+ Stlth+}
rCorr  .         Reflect  .     X - +1 pair of gloves {Dex+3}
SustAt .         Harm     .     y - +1 pair of boots {Stlth+}
MR     +....                    I - amulet of guardian spirit
Stlth  ..........               R - ring "Cede" {rElec rC+ rN+ MP+9 Dex+4}
                                P - ring of Tulips {rPois rN+ Str-2 Dex+3 Stlth-}

@: paralysed, corroded, somewhat resistant to hostile enchantments, extremely
unstealthy
A: retaliatory headbutt, horns 3, low mp 1, robust 1
a: Minor Destruction, Lesser Servant of Makhleb, Major Destruction, Greater
Servant of Makhleb, Renounce Religion, Evoke Flight
}: 3/15 runes: barnacled, abyssal, gossamer


You were on level 3 of the Depths.
You worshipped Makhleb.
Makhleb was exalted by your worship.
You were not hungry.

You visited 7 branches of the dungeon, and saw 39 of its levels.
You visited the Abyss 3 times.
You also visited: Sewer and Ice Cave.

You collected 4352 gold pieces.
You spent 2590 gold pieces at shops.

Inventory:

Armour
 n - the +2 shield of Resistance {rF+ rC+ MR+}
   (You found it on level 6 of the Lair of Beasts)

   It protects you from fire.
   It protects you from cold.
   It affects your resistance to hostile enchantments.
 t - a +3 plate armour of cold resistance
 y - a +1 pair of boots of stealth (worn)
 E - the +0 cloak of Fun (worn) {+Fly rPois rC+ Stlth+}
   (You found it on level 12 of the Dungeon)

   It protects you from cold.
   It protects you from poison.
   It lets you fly.
   It makes you more stealthy.
 O - a +2 crystal plate armour (worn)
 X - a +1 pair of gloves of dexterity (worn)
Jewellery
 d - an uncursed ring of protection from magic
 f - an uncursed amulet of regeneration {unknown}
 I - an amulet of guardian spirit (around neck)
 L - a +5 ring of protection
 P - the ring of Tulips (left hand) {rPois rN+ Str-2 Dex+3 Stlth-}
   (You found it in an ice cave)

   [ring of loudness]

   It affects your strength (-2).
   It affects your dexterity (+3).
   It protects you from poison.
   It protects you from negative energy.
   It makes you less stealthy.
 R - the ring "Cede" (right hand) {rElec rC+ rN+ MP+9 Dex+4}
   (You bought it in a shop on level 2 of the Orcish Mines)

   [ring of positive energy]

   It affects your dexterity (+4).
   It protects you from cold.
   It insulates you from electricity.
   It protects you from negative energy.
   It affects your magic capacity (+9).
Wands
 W - a wand of teleportation (4/9)
Scrolls
 a - 7 scrolls of magic mapping
 c - 5 scrolls of enchant weapon
 e - 13 scrolls of identify
 k - 22 scrolls of remove curse
 q - 5 scrolls of teleportation
 r - 12 scrolls of recharging
 u - a scroll of holy word
 x - a scroll of fear
 F - 5 scrolls of enchant armour
 G - 3 scrolls of amnesia
 H - 7 scrolls of blinking
 S - 2 scrolls of fog
Potions
 g - 2 potions of cancellation
 i - 9 potions of heal wounds
 j - 12 potions of curing
 l - 2 potions of resistance
 o - 7 potions of haste
 s - 8 potions of flight
 v - a potion of berserk rage
 z - 2 potions of magic
 B - 5 potions of mutation
 C - 7 potions of might
 J - 5 potions of cure mutation
 Q - 2 potions of invisibility
 Y - 6 potions of ambrosia
Miscellaneous
 h - a disc of storms
 w - a fan of gales
 A - a disc of storms
 D - a fan of gales
 K - a box of beasts
 T - a stone of tremors
 V - a stone of tremors
Comestibles
 b - 21 bread rations
 m - 2 beef jerkies
 p - 11 meat rations
 Z - 2 royal jellies


   Skills:
 - Level 20.0 Fighting
 - Level 18.0 Armour
 + Level 10.4 Dodging
 - Level 1.5 Stealth
 - Level 5.0 Shields
 - Level 24.0 Unarmed Combat
 - Level 9.7 Invocations
 - Level 16.0 Evocations


You had 21 spell levels left.
You didn't know any spells.

Dungeon Overview and Level Annotations

Branches:
Dungeon (15/15)            Temple (0/1) D:6            Lair (8/8) D:10
 Shoals (4/4) Lair:3       Spider (4/4) Lair:5        Slime (0/6) Lair:7
    Orc (2/2) D:9             Elf (3/3) Orc:2        Vaults (0/5) D:13
 Depths (3/5) D:15

Altars:
Cheibriados
Elyvilon
Fedhas
Gozag
Makhleb
Okawaru
Qazlal
Ru
Yredelemnul
Beogh
Jiyva

Shops:
D:9 =   D:10 ([:*   D:13 !   D:15 *:!?   Orc:2 (*[   Shoals:4 [

Portals:
Hell: Lair:8 Depths:1 Depths:2
Abyss: Depths:2
Pandemonium: Depths:3

Annotations:
D:15 exclusion: Roxanne, Roxanne


Innate Abilities, Weirdness & Mutations

You reflexively headbutt those who attack you in melee.
You have a pair of large horns on your head.
Your magical capacity is low (-10% MP).
You are robust (+10% HP).


Message History

You start resting.
Something hits you! Something bites you.
You start resting.
Something hits you! Something bites you!
* * * LOW HITPOINT WARNING * * *
Eat which item? (? for menu, Esc to quit)
Something hits you!
* * * LOW HITPOINT WARNING * * *
Something bites you.
* * * LOW HITPOINT WARNING * * *
You continue eating. x2
You hear some strange, mumbled words.
You suddenly lose the ability to move!
Something hits you!!!
* * * LOW HITPOINT WARNING * * *
Something bites you!
* * * LOW HITPOINT WARNING * * *
You hear some strange, mumbled words.
Something tries to affect you, but you resist.
You hear a grinding noise.
Something hits you!
You die...

#..# .#
..#...s##.
..#....p#
#.#..#s.
..#.#.#
#.#...#
#..#..#
##.#†.#
#....@#
#...#####
#...# ###


You could see an entropy weaver, a jumping spider and a redback (wandering).

Vanquished Creatures
  Rupert (Lair:7)
  4 liches
  A tentacled monstrosity (Depths:2)
  3 deep elf blademasters
  The ghost of Potsanchik the Severer, an adept HOGl of Qazlal (Spider:4)
  2 deep elf master archers (Elf:3)
  Frances (D:13)
  A tentacled starspawn (Abyss:3)
  Polyphemus (Shoals:2)
  A storm dragon (Depths:1)
  2 tengu reavers
  Kirke (D:15)
  Wiglaf (Spider:2)
  Ilsuiw (Shoals:4)
  3 frost giants
  The ghost of Bzz the Thaumaturge, a journeyman GrEE of Vehumet (D:14)
  3 emperor scorpions
  3 deep elf sorcerers (Elf:3)
  An angel (Abyss:3)
  A balrug (Depths:1)
  6 ghost moths
  Louise (Shoals:4)
  6 deep elf elementalists
  A reaper (Depths:1)
  2 vampire knights (Depths:1)
  2 ophanim (Abyss:3)
  12 stone giants
  4 very ugly things
  5 spark wasps
  7 deep elf demonologists
  The ghost of nago the Martial Artist, a journeyman DsWn of Okawaru (Lair:4)
  Azrael (D:12)
  2 deep elf annihilators (Elf:3)
  A dire elephant (Lair:8)
  3 ettins
  12 merfolk impalers
  8 vault guards (D:13)
  5 deep elf death magi
  3 merfolk javelineers (Shoals:4)
  4 fire dragons
  Josephine (D:15)
  2 deep elf high priests (Elf:3)
  4 great orbs of eyes
  10 hydras
  3 rakshasas
  2 yaktaur captains
  2 ice dragons
  A monstrous demonspawn (Depths:3)
  A catoblepas (Shoals:1)
  5 entropy weavers
  3 centaur warriors
  2 alligator snapping turtles (Shoals:4)
  3 merfolk avatars (Shoals:4)
  A queen ant (Spider:4)
  23 dancing weapons
  A death knight (D:13)
  4 merfolk aquamancers (Shoals:4)
  A satyr (Shoals:4)
  3 vampire magi
  6 death yaks
  A spriggan berserker (Depths:2)
  3 deep troll earth magi (Depths:2)
  2 deep troll shamans (Depths:2)
  A tengu warrior (Depths:1)
  3 orc high priests
  A sun demon (Depths:3)
  Sonja (D:13)
  23 deep elf knights
  2 fire crabs
  10 skeletal warriors
  4 wretched stars (Abyss:4)
  2 swamp dragons (Depths:3)
  6 deep trolls (Depths:2)
  2 unseen horrors
  An unseen horror (shapeshifter) (Depths:1)
  A storm dragon skeleton (Depths:2)
  16 harpies
  8 sea snakes
  2 giant orange brains
  14 deep elf archers
  A shadow demon (Depths:3)
  3 wizards
  7 hill giants
  Pikel (D:6)
  A lindwurm (Lair:5)
  6 cyclopes
  16 orb spiders
  The ghost of subsebi the Cleaver, a novice DsCK of Xom (D:5)
  A hornet (shapeshifter) (Depths:2)
  3 orc knights
  3 necromancers
  3 orc sorcerers
  A faun (Shoals:2)
  11 ugly things
  34 wolf spiders
  4 sixfirhies
  14 manticores
  61 deep elf magi
  A frost giant zombie (Depths:2)
  2 moths of wrath (Spider:3)
  8 griffons
  9 hornets
  5 sirens
  A rust devil (Abyss:4)
  Maurice (D:8)
  A black mamba (shapeshifter) (Depths:2)
  4 smoke demons
  4 centaur zombies
  11 elephants
  3 torpor snails
  An apocalypse crab (Abyss:4)
  A gargoyle (D:12)
  A torpor snail (shapeshifter) (D:14)
  3 black mambas
  3 orange demons
  11 spiny frogs
  An ice statue (IceCv)
  2 water nymphs
  Psyche (D:8)
  3 rime drakes
  3 centaur skeletons
  2 hellwings
  5 ice devils
  8 komodo dragons
  9 yaktaurs
  4 freezing wraiths
  A komodo dragon (shapeshifter) (Abyss:4)
  18 demonic crawlers
  An efreet (D:15)
  A spriggan skeleton (Depths:2)
  8 starcursed masses
  25 merfolk
  4 trolls
  3 red devils
  5 ancient zymes
  A queen bee (Abyss:4)
  17 polar bears (IceCv)
  60 jumping spiders
  3 wind drakes
  A slime creature (Depths:2)
  18 blink frogs
  12 raiju (Abyss:4)
  A two-headed ogre (Orc:2)
  7 snapping turtles
  5 boulder beetles
  99 redbacks
  2 air elementals (Elf:2)
  37 tarantellas
  2 wyverns (D:13)
  10 water elementals
  3 wraiths (D:15)
  63 yaks
  A vampire (D:11)
  18 hippogriffs
  5 basilisks
  A steam dragon (Lair:2)
  A basilisk (shapeshifter) (D:13)
  5 fire elementals
  Eustachio (D:3)
  4 hogs (D:15)
  A golden eye (Abyss:4)
  5 hungry ghosts
  A neqoxec (Abyss:4)
  A hippogriff (shapeshifter) (D:15)
  A vampire mosquito (Depths:3)
  A warg (D:9)
  20 soldier ants
  5 swamp worms
  11 large abominations
  21 water moccasins
  4 hell hounds
  11 porcupines
  2 swamp drakes (Depths:3)
  4 ice beasts
  44 orc warriors
  8 sky beasts
  2 slaves (D:7)
  3 black bears
  2 necrophages
  2 phantoms
  A black bear (shapeshifter) (Elf:1)
  An eye of draining (D:11)
  6 boggarts
  3 wasps
  18 wolves
  8 ogres
  11 centaurs
  21 crocodiles
  A crocodile (shapeshifter) (Abyss:4)
  2 big kobolds
  14 giant frogs
  An earth elemental (Elf:3)
  4 elf zombies (Elf:1)
  4 small abominations
  Dowan (D:6)
  5 scorpions
  11 wights
  21 killer bees
  4 electric eels
  4 howler monkeys
  10 crimson imps
  7 hounds
  A jelly (D:5)
  5 quasits
  21 orc priests
  A giant frog skeleton (D:10)
  2 iron imps
  Jessica (D:2)
  Natasha (thrice) (D:3)
  Ijyb (D:2)
  Terence (D:3)
  5 hell rats (Lair:5)
  7 iguanas
  40 orc wizards
  42 worker ants
  22 sheep
  11 gnolls
  78 river rats
  11 adders
  6 shadow imps
  A white imp (Depths:3)
  2 ufetubi
  2 oozes
  3 adder zombies
  16 worms
  4 dart slugs
  7 giant geckos
  112 orcs
  2 ball pythons
  18 bats
  4 giant cockroaches
  6 goblins
  7 hobgoblins
  3 jackals (D:11)
  12 kobolds
  5 quokkas
  3 giant newts
  A jackal skeleton (D:4)
  2 quokka zombies
  11 rats
  4 plants
1812 creatures vanquished.

Vanquished Creatures (collateral kills)
  Nikola (Spider:3)
  The ghost of Calamarain the Tortoise, an adept MiGl of Ru (Shoals:4)
  An orc warlord (Orc:2)
  A merfolk javelineer (Shoals:4)
  A merfolk (Shoals:4)
  A wind drake (Shoals:4)
  A warg (Orc:2)
  3 orc warriors (Orc:2)
  An orc (Orc:2)
11 creatures vanquished.

Vanquished Creatures (others)
  A deep elf knight (Elf:2)
  A jumping spider (Spider:4)
  A redback (Spider:4)
  A water elemental (Elf:3)
  A golden eye (Abyss:4)
  2 humans (D:15)
  A boggart (Depths:2)
  An orc wizard (Orc:2)
  A worm (Spider:2)
  16 fungi
  45 plants
  4 starspawn tentacles (Abyss:3)
  2 starspawn tentacle segments (Abyss:3)
77 creatures vanquished.

Grand Total: 1900 creatures vanquished

Notes
Turn   | Place    | Note
--------------------------------------------------------------
     0 | D:1      | Kenran the Minotaur Monk began the quest for the Orb.
     0 | D:1      | Reached XP level 1. HP: 19/19 MP: 0/0
   238 | D:1      | Reached XP level 2. HP: 26/26 MP: 1/1
   265 | D:1      | Reached skill level 5 in Unarmed Combat
   828 | D:2      | Reached XP level 3. HP: 31/31 MP: 2/2
   963 | D:2      | Found a burning altar of Makhleb.
   963 | D:2      | Noticed Ijyb
   975 | D:2      | Noticed Jessica
   988 | D:2      | Killed Ijyb
   988 | D:2      | Reached skill level 6 in Unarmed Combat
   988 | D:2      | Reached XP level 4. HP: 35/39 MP: 3/3
  1002 | D:2      | Killed Jessica
  1017 | D:2      | Became a worshipper of Makhleb the Destroyer
  1017 | D:2      | Reached * piety under Makhleb
  1017 | D:2      | Reached ** piety under Makhleb
  1481 | D:3      | Noticed Terence
  1482 | D:3      | Reached XP level 5. HP: 38/45 MP: 4/4
  1496 | D:3      | Reached skill level 7 in Unarmed Combat
  1507 | D:3      | Killed Terence
  1571 | D:3      | Noticed Natasha
  1575 | D:3      | Killed Natasha
  1581 | D:3      | Noticed a sky beast
  1603 | D:3      | HP: 2/45 [something (5)]
  1604 | D:3      | Killed a sky beast
  1604 | D:3      | Reached skill level 8 in Unarmed Combat
  1604 | D:3      | Reached XP level 6. HP: 2/51 MP: 5/5
  2179 | D:3      | Noticed Natasha
  2185 | D:3      | Killed Natasha
  2279 | D:4      | Noticed Eustachio
  2292 | D:3      | Killed Eustachio
  2292 | D:3      | Reached skill level 9 in Unarmed Combat
  2431 | D:3      | Noticed Natasha
  2434 | D:3      | Killed Natasha
  2434 | D:3      | Reached XP level 7. HP: 55/57 MP: 6/6
  2511 | D:4      | Reached *** piety under Makhleb
  2732 | D:4      | Found a glowing drain.
  2737 | Sewer    | Entered a sewer
  2933 | D:4      | Got a crude leather armour
  2954 | D:4      | Reached skill level 10 in Unarmed Combat
  3315 | D:5      | Entered Level 5 of the Dungeon
  3592 | D:5      | Noticed subsebi's ghost (novice DsCK)
  3623 | D:5      | Killed subsebi's ghost
  3623 | D:5      | Reached skill level 11 in Unarmed Combat
  3623 | D:5      | Reached XP level 8. HP: 14/64 MP: 7/7
  3905 | D:5      | Reached **** piety under Makhleb
  4120 | D:5      | Found an opulent altar of Gozag.
  4157 | D:6      | Reached skill level 12 in Unarmed Combat
  4571 | D:6      | Reached skill level 5 in Fighting
  4862 | D:6      | Found a basalt altar of Yredelemnul.
  4895 | D:6      | Found a snail-covered altar of Cheibriados.
  4946 | D:6      | Found a white marble altar of Elyvilon.
  5045 | D:6      | Found a blossoming altar of Fedhas.
  5240 | D:6      | Noticed Pikel
  5249 | D:6      | Found a stormy altar of Qazlal.
  5278 | D:7      | Reached XP level 9. HP: 67/79 MP: 8/8
  5442 | D:6      | Killed Pikel
  5565 | D:6      | Noticed Dowan
  5572 | D:6      | Killed Dowan
  5646 | D:6      | Found a staircase to the Ecumenical Temple.
  5803 | D:6      | Found an iron altar of Okawaru.
  5837 | D:6      | Found a white marble altar of Elyvilon.
  6084 | D:7      | Reached skill level 10 in Fighting
  6361 | D:7      | Reached skill level 1 in Invocations
  7409 | D:8      | Reached ***** piety under Makhleb
  7512 | D:8      | Found a sacrificial altar of Ru.
  7524 | D:8      | Reached skill level 5 in Invocations
  7738 | D:8      | Reached XP level 10. HP: 93/93 MP: 13/13
  7785 | D:8      | Noticed Psyche
  7805 | D:8      | Killed Psyche
  8049 | D:8      | Noticed Maurice
  8076 | D:8      | Killed Maurice
  8095 | D:8      | Identified the +1 leather armour "Zotrauc" {*Drain rElec rF+ Regen+} (You found it on level 4 of the Dungeon)
  8250 | D:9      | Found Syestadith's Jewellery Emporium.
  8315 | D:9      | Found a staircase to the Orcish Mines.
  8321 | D:9      | Found a roughly hewn altar of Beogh.
  8358 | D:9      | Reached skill level 13 in Unarmed Combat
  9076 | D:10     | Entered Level 10 of the Dungeon
  9076 | D:10     | Found Cuila's Weapon Shop.
  9105 | D:10     | Reached skill level 14 in Unarmed Combat
  9187 | D:10     | Found Xyigis's Armour Shoppe.
  9212 | D:10     | Noticed a hill giant
  9220 | D:10     | Killed a hill giant
  9583 | Orc:1    | Entered Level 1 of the Orcish Mines
  9583 | Orc:1    | Noticed an orc knight
 10103 | D:9      | Killed an orc knight
 10110 | D:9      | Reached XP level 11. HP: 46/99 MP: 14/14
 10693 | D:10     | Reached skill level 15 in Unarmed Combat
 10752 | D:10     | Found Ciam Bul's Assorted Antiques.
 10761 | D:10     | Bought a scroll of teleportation for 93 gold pieces
 10941 | D:10     | Reached ****** piety under Makhleb
 10948 | D:10     | Found Naxusi's Book Boutique.
 11261 | D:10     | Found a staircase to the Lair.
 11830 | D:11     | Noticed a cyan ugly thing
 11847 | D:11     | Killed a cyan ugly thing
 11992 | D:11     | Identified the Reference Book on Harmful Ice
 12443 | Lair:1   | Entered Level 1 of the Lair of Beasts
 12470 | D:10     | Reached skill level 16 in Unarmed Combat
 12530 | D:10     | Reached skill level 1 in Armour
 12821 | D:10     | Noticed a hill giant
 12833 | D:10     | Killed a hill giant
 13077 | Lair:1   | Reached skill level 5 in Armour
 13359 | Lair:1   | Noticed a four-headed hydra
 13377 | Lair:1   | Killed a four-headed hydra
 13388 | Lair:1   | Noticed a five-headed hydra
 13396 | Lair:1   | Killed a five-headed hydra
 13897 | Lair:1   | Reached XP level 12. HP: 73/106 MP: 15/15
 14590 | Lair:2   | Found a labyrinth entrance.
 14624 | Lair:2   | Reached skill level 10 in Armour
 15596 | Lair:3   | Found a staircase to the Shoals.
 16682 | Lair:4   | Reached skill level 17 in Unarmed Combat
 16816 | Lair:4   | Noticed nago's ghost (journeyman DsWn)
 16848 | Lair:4   | Killed nago's ghost
 17845 | Lair:5   | Reached skill level 18 in Unarmed Combat
 17861 | Lair:5   | Noticed a death yak
 17872 | Lair:5   | Killed a death yak
 17894 | Lair:5   | Noticed a six-headed hydra
 17919 | Lair:5   | Found a hole to the Spider Nest.
 17943 | Lair:5   | Killed a six-headed hydra
 17943 | Lair:5   | Reached XP level 13. HP: 37/114 MP: 16/16
 20124 | Lair:7   | Noticed Rupert
 20149 | Lair:7   | Killed Rupert
 20657 | Lair:7   | Found a viscous altar of Jiyva.
 20657 | Lair:7   | Found a staircase to the Slime Pits.
 21732 | Orc:1    | Found a roughly hewn altar of Beogh.
 21935 | Orc:2    | Entered Level 2 of the Orcish Mines
 22032 | Orc:2    | Found a roughly hewn altar of Beogh.
 22033 | Orc:2    | Found Giunytax's Assorted Antiques.
 22251 | Orc:2    | Bought an ancient ivory ring for 95 gold pieces
 22358 | Orc:2    | Reached XP level 14. HP: 41/133 MP: 19/19
 22981 | Orc:2    | Reached skill level 15 in Fighting
 23003 | Orc:2    | Found a roughly hewn altar of Beogh.
 23158 | Orc:2    | Reached XP level 15. HP: 141/141 MP: 20/20
 23163 | Orc:2    | Found a roughly hewn altar of Beogh.
 23186 | Orc:2    | Found Exkupt's Weapon Shop.
 23274 | Orc:2    | Found a roughly hewn altar of Beogh.
 23295 | Orc:2    | Identified the ring "Cede" {rElec rC+ rN+ MP+9 Dex+4} (You bought it in a shop on level 2 of the Orcish Mines)
 23378 | Orc:2    | Found a roughly hewn altar of Beogh.
 23408 | Orc:2    | Found a staircase to the Elven Halls.
 23419 | Orc:2    | Reached skill level 19 in Unarmed Combat
 23529 | Orc:2    | Noticed an orc warlord
 23572 | Orc:2    | HP: 3/141 [orc warlord/glaive of distortion (17)]
 23579 | Orc:2    | Killed an orc warlord
 24053 | Orc:2    | Found a roughly hewn altar of Beogh.
 24139 | Orc:2    | Found Ritta's Antique Armour Shop.
 24140 | Orc:2    | Found a roughly hewn altar of Beogh.
 24149 | Orc:2    | Found Quhe's Antique Weapon Boutique.
 24396 | Lair:1   | Reached XP level 16. HP: 149/149 MP: 21/21
 24512 | Lair:8   | Entered Level 8 of the Lair of Beasts
 25230 | Lair:8   | Found a burning altar of Makhleb.
 25353 | Lair:8   | Found a gateway to Hell.
 26302 | D:11     | Reached skill level 20 in Unarmed Combat
 27190 | D:12     | Noticed Azrael
 27213 | D:12     | Killed Azrael
 27618 | D:12     | Got a slimy cloak
 27629 | D:12     | Identified the +0 cloak of Fun {+Fly rPois rC+ Stlth+} (You found it on level 12 of the Dungeon)
 27826 | D:13     | Found a gate to the Vaults.
 27925 | D:13     | Noticed Sonja
 27931 | D:13     | Paralysed by Sonja for 7 turns
 28347 | D:13     | Paralysed by Sonja for 7 turns
 28380 | D:13     | Found Ulai's Distillery.
 28816 | D:13     | Noticed Frances
 28827 | D:13     | Killed Frances
 29228 | D:14     | Reached skill level 21 in Unarmed Combat
 29411 | D:14     | Paralysed by a wizard for 5 turns
 29646 | D:14     | Found a frozen archway.
 29664 | IceCv    | Entered an ice cave
 29682 | IceCv    | Reached XP level 17. HP: 158/158 MP: 22/22
 30099 | IceCv    | Got an ancient silver ring
 30103 | IceCv    | Identified the ring of Tulips {rPois rN+ Str-2 Dex+3 Stlth-} (You found it in an ice cave)
 30543 | D:14     | Reached skill level 22 in Unarmed Combat
 30764 | D:14     | Noticed Bzz's ghost (journeyman GrEE)
 30788 | D:14     | Killed Bzz's ghost
 30788 | D:14     | Reached skill level 1 in Evocations
 30936 | D:15     | Entered Level 15 of the Dungeon
 31028 | D:15     | Noticed Kirke
 31055 | D:15     | Killed Kirke
 31105 | D:15     | Noticed Josephine
 31111 | D:15     | Killed Josephine
 31271 | D:15     | Found Zeshraeh's Magic Scroll Shoppe.
 31280 | D:15     | Bought a scroll of teleportation for 57 gold pieces
 31280 | D:15     | Bought a scroll of blinking for 142 gold pieces
 31280 | D:15     | Bought a scroll of holy word for 142 gold pieces
 31350 | D:15     | Found a staircase to the Depths.
 31390 | D:15     | Found Onanufum's Assorted Antiques.
 31422 | D:15     | Bought a potion of heal wounds for 115 gold pieces
 31460 | D:15     | Noticed Roxanne
 31620 | D:15     | Found Usiquitt's Book Shop.
 31700 | D:15     | Found Nunupsytt's Distillery.
 31705 | D:15     | Bought a potion of experience for 750 gold pieces
 31705 | D:15     | Reached XP level 18. HP: 166/166 MP: 23/23
 31869 | D:15     | Upgraded the game from 0.19-a0-16-g2b77abf to 0.19-a0-26-gae82a2b
 31880 | Depths:1 | Entered Level 1 of the Depths
 32025 | Depths:1 | Noticed a lich
 32043 | Depths:1 | Cast into level 4 of the Abyss (a lich)
 32516 | Abyss:4  | Noticed a bone dragon
 32537 | Abyss:4  | Gained mutation: Your magical capacity is low (-10% MP). [a neqoxec]
 32567 | Depths:1 | Escaped the Abyss
 32874 | Spider:1 | Entered Level 1 of the Spider Nest
 33862 | Shoals:1 | Entered Level 1 of the Shoals
 36197 | Spider:2 | Noticed Wiglaf
 36224 | Spider:2 | Killed Wiglaf
 37002 | Spider:3 | Gained mutation: You have a pair of large horns on your head. [potion of beneficial mutation]
 37042 | Spider:3 | Reached XP level 19. HP: 179/179 MP: 22/22
 37421 | Spider:3 | Noticed Nikola
 37453 | Spider:3 | Killed Nikola
 38395 | Spider:4 | Entered Level 4 of the Spider Nest
 39152 | Spider:4 | Noticed Potsanchik's ghost (adept HOGl)
 40131 | Spider:3 | Reached skill level 23 in Unarmed Combat
 41442 | Spider:4 | Gained mutation: You are robust (+10% HP). [potion of beneficial mutation]
 41468 | Spider:4 | Reached skill level 10 in Evocations
 41860 | Spider:4 | Reached skill level 15 in Armour
 42448 | Spider:4 | Reached skill level 5 in Dodging
 42521 | Spider:4 | Killed Potsanchik's ghost
 43229 | Spider:4 | Got a gossamer rune of Zot
 43804 | Lair:6   | You fall through a shaft!
 44133 | D:15     | Bought a fan of gales for 920 gold pieces
 44133 | D:15     | Bought a bubbling orange potion for 20 gold pieces
 44924 | Shoals:2 | Noticed Polyphemus
 45075 | Shoals:1 | Reached XP level 20. HP: 179/205 MP: 23/23
 45154 | Shoals:2 | Killed Polyphemus
 45305 | Shoals:4 | Entered Level 4 of the Shoals
 45340 | Shoals:4 | Found Taqanes's Antique Armour Boutique.
 45345 | Shoals:4 | Noticed Louise
 45355 | Shoals:4 | Killed Louise
 45359 | Shoals:4 | Bought a dazzling buckler for 256 gold pieces
 45711 | Shoals:4 | Noticed Calamarain's ghost (adept MiGl)
 46056 | Shoals:3 | Reached skill level 1 in Shields
 46666 | Shoals:4 | Killed Calamarain's ghost
 46863 | Shoals:4 | Reached skill level 5 in Shields
 47895 | Shoals:4 | Noticed Ilsuiw
 48338 | Shoals:4 | Killed Ilsuiw
 48588 | Shoals:4 | Got a barnacled rune of Zot
 48817 | Lair:3   | Identified the +0 buckler "Inir" {MR- Regen+ Dex+4 Slay+6} (You bought it in a shop on level 4 of the Shoals)
 49032 | Elf:1    | Entered Level 1 of the Elven Halls
 49159 | Elf:1    | Reached skill level 24 in Unarmed Combat
 49652 | Elf:1    | Identified Aruc's Reference Book on Dark Rituals
 50637 | Elf:2    | Found a runed gate.
 50637 | Elf:2    | Found a runed gate.
 50637 | Elf:2    | Found a runed gate.
 51029 | Elf:2    | Reached XP level 21. HP: 171/217 MP: 18/25
 51510 | Elf:3    | Entered Level 3 of the Elven Halls
 53918 | Elf:3    | Identified the Compendium of the Shifting Traveller (You found it on level 3 of the Elven Halls)
 54256 | D:13     | Killed Sonja
 54444 | Depths:1 | Cast into level 3 of the Abyss (a lich)
 54444 | Abyss:3  | Found a corrupted altar of Lugonu.
 54444 | Abyss:3  | Found a corrupted altar of Lugonu.
 54476 | Abyss:3  | Found a glowing golden altar of the Shining One.
 54536 | Abyss:3  | Found a corrupted altar of Lugonu.
 54600 | Abyss:4  | Got an abyssal rune of Zot
 54817 | Depths:1 | Escaped the Abyss
 55004 | Depths:1 | Reached XP level 22. HP: 213/225 MP: 25/28
 55967 | Depths:1 | Reached skill level 15 in Evocations
 56365 | Depths:2 | Cast into level 3 of the Abyss (a lich)
 56487 | Depths:2 | Escaped the Abyss
 57204 | Depths:2 | Found a one-way gate to the infinite horrors of the Abyss.
 58413 | Depths:3 | Paralysed by a lich for 4 turns
 58422 | Depths:3 | Reached skill level 10 in Dodging
 58469 | Depths:3 | Found a one-way gate leading to the halls of Pandemonium.
 58637 | Depths:3 | Paralysed by something for 4 turns
 58638 | Depths:3 | HP: 6/229 [something (9)]
 58640 | Depths:3 | Mangled by a vampire knight

Vault maps used:
D:1:      minmay_arrival_arboretum_small, serial_glass, glass_columns_a,
          glass_columns_c, glass_columns_c, glass_columns_a, glass_columns_a,
          glass_columns_b, glass_columns_c, glass_columns_a, glass_columns_a,
          glass_columns_c, glass_columns_c, glass_columns_c, glass_columns_c,
          glass_columns_a, minmay_misc_feat_chi, minmay_misc_feat_more_columns
D:2:      bloody_makhleb, uniq_jessica, uniq_iyjb
D:3:      first_bread, uniq_natasha, uniq_terence
D:4:      lightli_sewer_entry_pipes, uniq_eustachio
D:5:      kennysheep_mini
D:6:      kennysheep_ying_yang, fedhas_altar_2, kennysheep_okawaru_gauntlet,
          kennysheep_slug_shrine, minmay_temple_entry_nine_rooms, basic_altar,
          minmay_misc_feat_plants, hangedman_glass_teeth, nrook_pool_corridor,
          roderic_lattice_a, grunt_decor_cap, nicolae_qazlal_style_of_elements,
          uniq_pikel, uniq_duvessa
D:7:      serial_bayou_lake_a
D:8:      nicolae_overflow_crystal_walls, uniq_psyche, uniq_maurice
D:9:      minmay_orc_entry_temple_small, serial_shops, shop,
          hangedman_pestilent_swarm
D:10:     grunt_lair_entry_orc_guard_hut, serial_shops, shop, shop, shop,
          nicolae_shop_waterfront, grunt_ministairs_10
D:12:     uniq_azrael
D:13:     erik_vaults_2, serial_shops, shop, uniq_frances, uniq_sonja
D:14:     portal_ice_cave_entry_frozen_things
D:15:     grunt_enter_depths_hoard, grunt_decor_arrowhead, serial_shops,
          shop_fountains, shop, shop, nicolae_shop_waterfront, uniq_josephine,
          uniq_roxanne, uniq_kirke
Lair:1:   serial_bayou_pond_c, beast_lair_carwin_2
Lair:2:   lab_entry_generic, grunt_megastairs_2
Lair:3:   shoals_dummy_entry, serial_bayou_shore_b, lemuel_fruit_tree
Lair:5:   spider_nest_entry_funnel_web, st_stairs_10,
          grunt_forest_small_clearings, hangedman_lair_generics_rect,
          serial_bayou_shore_a
Lair:7:   slime_altar_1, uniq_rupert
Lair:8:   evil_forest
Shoals:1: nicolae_shoals_stone_sculpture_thing
Shoals:2: nicolae_alphabet_shops, uniq_polyphemus
Shoals:3: nicolae_shoals_isolated_beach
Shoals:4: shoals_end_hangedman, shoals_ilsuiw_alternative, serial_shops,
          nicolae_shop_statue_plus, uniq_ilsuiw, uniq_louise
Spider:1: nicolae_spider_nook
Spider:2: worms_lemuel, nicolae_spider_cling_ruins, uniq_wiglaf
Spider:3: uniq_nikola
Spider:4: grunt_spider_rune_parallel, zaba_anthell
Orc:1:    basic_altar, serial_shops, shop_fountains
Orc:2:    grunt_orc_community_town_hall, grunt_orc_community_big_house_1,
          grunt_orc_community_big_house_1, grunt_orc_community_house_1,
          grunt_orc_community_house_3, grunt_orc_community_house_1,
          grunt_orc_community_house_2, grunt_orc_community_house_2,
          grunt_orc_community_house_2
Elf:1:    minmay_elf_arrival_circle, minmay_elf_necromancy
Elf:2:    minmay_strange_pillars, small_statue_intersection
Elf:3:    elf_hall_gauntlet_wide
Depths:1: serial_bayou_pond_c, hellmouth_1, water_boxes_lemuel,
          serial_bayou_shore_b
Depths:2: hangedman_arrow_trap, serial_co_window_serial, co_window_paths_b,
          co_window_of_opportunity_a, co_window_of_opportunity_a,
          co_window_paths_a, co_window_paths_a, co_window_corner_b,
          co_window_cross_2, co_window_corner_cb, co_window_of_opportunity_c,
          co_window_corner_b, glass_columns_c, glass_columns_c, glass_columns_a,
          roderic_bali_sauvastika, hell_entry, abyss_entry
Depths:3: onia_ninara_swampy_vault, serial_sigils, serial_sigils_hangedman_gut,
          serial_sigils_hangedman_etch, serial_sigils_hangedman_gnaw,
          serial_sigils_hangedman_gut, serial_sigils_hangedman_scratch,
          serial_sigils_hangedman_quiver, grunt_pan_entry_in_and_out, hell_entry
Abyss:3:  evilmike_abyss_rune_tso_outpost, bh_abyss_exit_choice, minivault_23,
          minivault_13
Abyss:4:  evilmike_abyss_rune_siren, grunt_abyss_rune_wretched_hive
Sewer:    sewer_big_baddie
IceCv:    ice_cave_caverns_03

Skill      XL: |  1  2  3  4  5  6  7  8  9 10 11 12 13 14 15 16 17 18 19 20 21 22 |
---------------+-------------------------------------------------------------------+-----
Unarmed Combat | 5 6 8 9 11 12 14 16 18 19 21 22 23 24 | 24.0
Fighting       | 7 10 14 15 16 18 19 20 | 20.0
Invocations    | 6 8 9 |  9.7
Armour         | 8 10 11 12 14 15 16 18 | 18.0
Evocations     | 6 9 10 11 14 16 | 16.0
Dodging        | 9 10 | 10.4
Shields        | 5 |  5.0
Stealth        | |  1.5

Action                   |  1- 3 |  4- 6 |  7- 9 | 10-12 | 13-15 | 16-18 | 19-21 | 22-24 || total
-------------------------+-------+-------+-------+-------+-------+-------+-------+-------++-------
Melee: Unarmed           |    73 |   119 |   391 |   869 |   722 |  1742 |  2559 |   518 ||  6993
       Headbutt          |    10 |    22 |    77 |   192 |   164 |   573 |   871 |   205 ||  2114
       Punch             |     2 |     4 |    12 |    48 |    47 |   187 |   199 |    50 ||   549
Invok: Minor Destruction |       |     1 |       |       |       |       |       |       ||     1
       Major Destruction |       |       |       |     1 |       |       |     1 |       ||     2
       Greater Servant o |       |       |       |       |     1 |       |     6 |       ||     7
       Lesser Servant of |       |       |       |       |       |     1 |     3 |       ||     4
 Abil: Evoke Flight      |       |       |       |       |       |       |    22 |     1 ||    23
  Use: Potion            |       |       |     1 |     3 |     6 |     4 |    10 |       ||    24
       Scroll            |       |       |       |    16 |     5 |    15 |     9 |     1 ||    46
 Stab: Distracted        |     1 |       |       |       |       |     4 |     1 |       ||     6
       Sleeping          |     1 |       |       |       |       |       |       |       ||     1
       Confused          |       |       |       |       |       |       |       |     1 ||     1
  Eat: Chunk             |       |     5 |    14 |    23 |    14 |    18 |    14 |     1 ||    89
       Beef jerky        |       |       |     1 |       |     2 |     3 |     4 |     2 ||    12
       Royal jelly       |       |       |     1 |       |       |     6 |     3 |     1 ||    11
       Fruit             |       |       |       |    12 |     5 |     6 |       |       ||    23
       Pizza             |       |       |       |     1 |       |     4 |     1 |       ||     6
       Meat ration       |       |       |       |       |       |       |     8 |     1 ||     9
Armor: Robe              |     2 |       |       |       |       |       |       |       ||     2
       Ring mail         |    31 |    16 |       |       |       |       |       |       ||    47
       Chain mail        |       |    42 |   176 |    90 |       |       |       |       ||   308
       Plate armour      |       |       |       |   426 |   424 |  1404 |       |       ||  2254
       Crystal plate arm |       |       |       |       |       |    51 |  2359 |   335 ||  2745
Dodge: Dodged            |    35 |    51 |   128 |   214 |   232 |   625 |   614 |   171 ||  2070
